Cogmind - Beta 15 @@@ ROGUE MODE // 2025.09.29 @ 18:05:32 Player: Autumn Result: Self-destructed Performance ------------- Evolutions (1) 500 Regions Visited (3) 600 Robots Destroyed (27) 135 Value Destroyed (571) 571 Prototype IDs (1) 20 Alien Tech Used (0) 0 Bonus (0) 0 TOTAL SCORE: 1826 Bonus ------- None Cogmind --------- Core Integrity 244/400 Matter 286/300 Energy 265/265 System Corruption 0% Temperature Cool (0) Movement Walking (200) Ox1 Location -9/Storage Parts ------- > --- POWER (1) -------- Improved Ion Engine > --- PROPULSION (2) --- Titanium Leg > --- UTILITY (2) ------ Medium Storage Unit Structural Scanner > --- WEAPON (4) ------- (None) > --- INVENTORY (10) --- Ion Engine Light Ion Engine Titanium Leg Small Storage Unit Light Armor Plating Medium Laser Spread Laser Peak State ------------ > --- POWER ------------ Improved Ion Engine > --- PROPULSION ------- Titanium Leg Titanium Leg > --- UTILITY ---------- Medium Storage Unit Structural Scanner > --- WEAPON ----------- Improved EM Shotgun Spread Laser Light Assault Rifle Improved Light Cannon > --- INVENTORY -------- Ion Engine Light Ion Engine Titanium Leg Small Storage Unit Light Armor Plating Medium Laser Spread Laser [Rating: 19] Favorites ----------- Power Improved Ion Engine Engine Improved Ion Engine Propulsion Titanium Leg Leg Titanium Leg Utility Structural Scanner Device Structural Scanner Storage Medium Storage Unit Weapon Light Assault Rifle Energy Gun Spread Laser Ballistic Gun Light Assault Rifle Ballistic Cannon Improved Light Cannon Launcher Grenade Launcher Build | -11 -10 -9 -9 ------- Run | Yrd Mat Mat Sto Slots Evolved 2 | . . 2 . Power . | . . . . Propulsion . | . . . . Utility . | . . . . Weapon 2 | . . 2 . Parts Attached 21 | 6 3 8 4 Power 2 | 1 . 1 . Engine 2 | 1 . 1 . Core . | . . . . Reactor . | . . . . Propulsion 4 | 2 . 2 . Treads . | . . . . Leg 4 | 2 . 2 . Wheel . | . . . . Hover . | . . . . Flight . | . . . . Utility 3 | 1 1 1 . Device 1 | . 1 . . Storage 2 | 1 . 1 . Processor . | . . . . Hackware . | . . . . Protection . | . . . . Artifact . | . . . . Weapon 12 | 2 2 4 4 Energy Gun 3 | . . . 3 Energy Cannon . | . . . . Ballistic Gun 6 | 2 . 4 . Ballistic Cannon 1 | . . . 1 Launcher 2 | . 2 . . Special Weapon . | . . . . Impact Weapon . | . . . . Slashing Weapon . | . . . . Piercing Weapon . | . . . . Special Melee Weapon . | . . . . Unidentified Prototypes 1 | . . . 1 Parts Lost 7 | . . . 7 Power . | . . . . Propulsion 1 | . . . 1 Utility . | . . . . Weapon 6 | . . . 6 Highest Loss Streak 5 | . . . 5 To Critical Strikes . | . . . . Average Backups 5 | 1 5 4 7 Power 1 | . 1 1 2 Propulsion 1 | . . 1 1 Utility 1 | . . . 2 Weapon 2 | 1 3 1 2 Tool/Special . | . . . . Unused Backups 6 | . . 2 4 Power 1 | . . . 1 Propulsion 3 | . . 2 1 Utility 1 | . . . 1 Weapon 1 | . . . 1 Tool/Special . | . . . . Average Slot Usage (%) 96 | . 93 99 97 Engine 12 | . 14 11 11 Leg 23 | . 28 22 21 Device 9 | . 7 11 11 Storage 12 | . 14 11 11 Energy Gun 6 | . . . 13 Ballistic Gun 14 | . 9 21 15 Ballistic Cannon 4 | . . . 8 Launcher 11 | . 18 22 3 Peak Build Rating 19 | 6 7 14 19 Average Rating 12 | 4 6 12 17 On Entrance 6 | . 6 7 14 Naked Turns . | . . . . Heaviest Build 29 | 14 17 26 29 Greatest Support 34 | 20 20 34 34 Greatest Overweight (x) 1 | . . . 1 Average Overweight (x) . | . . . . Largest Inventory Capacity 10 | 8 8 10 10 Average Capacity 8 | 7 8 8 10 Most Carried 9 | 5 8 8 9 Average Carried 5 | 2 5 5 7 Final Capacity 10 | 8 8 10 10 Final Carried 7 | 2 5 6 7 Class Distribution -------------------- 59% | Skirmisher 40% | Mutant Dominant Class ---------------- Mutant | -10/Materials Skirmisher | -9/Materials Skirmisher | -9/Storage Resources | -11 -10 -9 -9 ----------- Run | Yrd Mat Mat Sto Matter Collected 716 | 218 73 140 285 Remotely . | . . . . Salvage Created 680 | . 104 81 495 Parts 59 | . 6 12 41 Haulers Intercepted 2 | . . . 2 Recyclers Shooed . | . . . . Parts Field Recycled . | . . . . Retrieved Matter . | . . . . Parts Self-Destructed . | . . . . Prevented . | . . . . Kills | -11 -10 -9 -9 ------- Run | Yrd Mat Mat Sto Combat Hostiles Destroyed 22 | . 8 4 10 Guns 13 | . 3 2 8 Cannons 2 | . . . 2 AOE 7 | . 5 2 . Classes Destroyed 7 | . 2 2 3 Builder 1 | . . . 1 Hauler 2 | . . . 2 Recycler 1 | . . . 1 Watcher 1 | . . 1 . Swarmer 12 | . 6 3 3 Grunt 6 | . 2 . 4 Sentry 4 | . . 1 3 Best Kill Streak 5 | . 3 3 5 Combat Bots Only 4 | . 3 3 4 Max Kills in Single Turn 3 | . 3 2 2 Gunslinging . | . . . . Exploded 3 | . 3 2 . Melee . | . . . . Uniques/NPCs Destroyed . | . . . . Combat | -11 -10 -9 -9 -------- Run | Yrd Mat Mat Sto Hostile Shots Fired 159 | . 21 13 125 Missed 48 | . 7 4 37 Hits 111 | . 14 9 88 Projectile 111 | . 14 9 88 Critical Strikes 4 | . . . 4 Damage Taken 1320 | . 222 80 1018 Core 198 | . 42 15 141 Absorbed by Shields . | . . . . Core Remaining (%) 91 | 100 83 . . Volleys Fired 56 | . 8 10 38 Largest 4 | . 2 4 4 Hottest 163 | . 60 100 163 Shots Fired 159 | . 16 26 117 Gun 116 | . 8 20 88 Cannon 29 | . . . 29 Launcher 14 | . 8 6 . Special . | . . . . Kinetic 112 | . 8 20 84 Thermal 17 | . . . 17 Explosive 14 | . 8 6 . Electromagnetic 16 | . . . 16 Robot Hit Streak 8 | . 5 3 8 Robot Miss Streak 6 | . 1 2 6 Penetration Max . | . . . . Secondary Targets 1 | . 1 . . Max Gunslinging Chain 1 | . 1 . . Shots Hit Robots 87 | . 10 11 66 Core Hits 59 | . 14 7 38 Critical Kills . | . . . . Critical Parts Destroyed 1 | . 1 . . Critical Strikes 1 | . 1 . . Destroy 1 | . 1 . . Melee Attacks . | . . . . Impact . | . . . . Slashing . | . . . . Piercing . | . . . . Sneak Attacks . | . . . . Combat Hostiles . | . . . . Follow-up Attacks . | . . . . Damage Inflicted 1589 | . 445 227 917 Guns 755 | . 82 82 591 Cannons 305 | . . . 305 Explosions 504 | . 359 145 . Melee . | . . . . Ramming 25 | . 4 . 21 Kinetic 726 | . 82 82 562 Thermal 174 | . . . 174 Explosive 504 | . 359 145 . Electromagnetic 160 | . . . 160 Impact . | . . . . Slashing . | . . . . Piercing . | . . . . Highest Corruption 1 | . 1 . . Average Corruption 1 | . 1 . . Corruption Purged . | . . . . Corruption Blocked . | . . . . Effects 2 | . 2 . . Matter Fused 1 | . 1 . . Energy Discharges 1 | . 1 . . Overload Shots . | . . . . Overflow Damage 19 | . . . 19 Projectiles 19 | . . . 19 Explosions . | . . . . Melee . | . . . . Knockbacks 2 | . . . 2 Impact . | . . . . Kinetic 2 | . . . 2 Secondary . | . . . . Self-Inflicted Damage 47 | . 47 . . Shots 2 | . 2 . . Rammed . | . . . . Targets Rammed 4 | . 1 . 3 Kicked 4 | . 1 . 3 Crushed . | . . . . Highest Temperature 464 | . 9 60 464 Average Temperature 100 | . 9 27 107 Received Heat Transfer 315 | . 30 . 285 Effects 1 | . . . 1 Shutdowns 1 | . . . 1 Siege Activations . | . . . . Martial Activations . | . . . . Shielding Activations . | . . . . Robots Disrupted . | . . . . Combat Hostiles . | . . . . Robots Corrupted . | . . . . Combat Hostiles . | . . . . Parts Fried . | . . . . Impact Corruptions . | . . . . Robots Melted . | . . . . Combat Hostiles . | . . . . Parts Melted . | . . . . Heat Transferred 230 | . . . 230 Parts Sabotaged . | . . . . Parts Stolen . | . . . . Parts Stripped . | . . . . Power Chain Reactions . | . . . . Alert | -11 -10 -9 -9 ------- Run | Yrd Mat Mat Sto Maximum Alert Level . | . . . . Low Security (%) 100 | 100 100 100 100 Level 1 . | . . . . Level 2 . | . . . . Level 3 . | . . . . Level 4 . | . . . . Level 5 . | . . . . High Security . | . . . . Max Security . | . . . . Peak Influence 156 | . 147 156 105 Initial 55 | . . 55 42 Average 38 | . 30 119 23 Influence Increases 710 | . 252 138 320 Destroy 0b10 Robot/C 440 | . 160 80 200 Destroy 0b10 Robot/NC 25 | . . 5 20 Destroy Leader 116 | . 30 22 64 Successful Hack 7 | . 2 . 5 Disable Machine 15 | . . . 15 Destroy Structure 77 | . 45 31 1 Lose Combat Pursuer 30 | . 15 . 15 Influence Decreases 710 | . 121 166 423 Entered New Map 137 | . . 76 61 Time Decay 435 | . 121 90 224 Lost Part 49 | . . . 49 Purge Threat 89 | . . . 89 Squads Dispatched 2 | . 1 . 1 Investigation 1 | . 1 . . Extermination . | . . . . Reinforcement 1 | . . . 1 Assault . | . . . . Garrison . | . . . . Intercept . | . . . . Searches Triggered . | . . . . Construction Impeded . | . . . . Haulers Reinforced . | . . . . Active Scanning Responses . | . . . . Cargo Convoy Interrupts . | . . . . Stealth | -11 -10 -9 -9 --------- Run | Yrd Mat Mat Sto Distress Signals 2 | . . . 2 Communications Jammed . | . . . . Distress Signals . | . . . . Times Spotted 34 | . 9 5 20 Peak Tracking Total 9 | . 3 3 9 Tactical Retreats 2 | . 1 . 1 Traps | -11 -10 -9 -9 ------- Run | Yrd Mat Mat Sto Traps Triggered 3 | . 2 . 1 Indirectly . | . . . . Trap Hack Attempts . | . . . . Triggered . | . . . . Disarmed . | . . . . Reprogrammed . | . . . . Reused . | . . . . Traps Extracted . | . . . . Installed . | . . . . Triggered . | . . . . Machines | -11 -10 -9 -9 ---------- Run | Yrd Mat Mat Sto Machines Disabled 1 | . . . 1 Max in Single Turn 1 | . . . 1 Garrison Access 1 | . . . 1 Machines Repaired . | . . . . Machines Dismantled . | . . . . Machines Sabotaged . | . . . . Overloaded Fab Kills . | . . . . Hacking | -11 -10 -9 -9 --------- Run | Yrd Mat Mat Sto Machines Accessed 5 | . 2 . 3 Terminals 3 | . 1 . 2 Fabricators . | . . . . Repair Stations . | . . . . Recycling Units 1 | . 1 . . Scanalyzers . | . . . . Garrison Access 1 | . . . 1 Total Hacks 14 | . 7 . 7 Successful 11 | . 6 . 5 Failed 3 | . 1 . 2 Catastrophic . | . . . . Database Lockouts . | . . . . Manual . | . . . . Terminals 8 | . 4 . 4 Fabricators . | . . . . Repair Stations . | . . . . Recycling Units 3 | . 3 . . Scanalyzers . | . . . . Garrison Access 3 | . . . 3 Terminal Hacks 6 | . 3 . 3 Record 1 | . 1 . . Alert Level 2 | . 1 . 1 Unreport Threat 1 | . . . 1 Recall Investigation 1 | . 1 . . Zone Layout 1 | . . . 1 Fabricator Hacks . | . . . . Repair Station Hacks . | . . . . Recycling Unit Hacks 3 | . 3 . . Recycle Component 2 | . 2 . . Process 1 | . 1 . . Scanalyzer . | . . . . Garrison Access Hacks 2 | . . . 2 Seal Access 1 | . . . 1 Coupler Status 1 | . . . 1 Unauthorized Hacks . | . . . . Terminals . | . . . . Fabricators . | . . . . Repair Stations . | . . . . Recycling Units . | . . . . Scanalyzers . | . . . . Garrison Access . | . . . . Data Cores Recovered . | . . . . Used . | . . . . Hacking Detections 5 | . 2 . 3 Full Trace Events 2 | . 1 . 1 Feedback Events . | . . . . Feedback Blocked . | . . . . Robot Schematics Acquired . | . . . . Robots Built . | . . . . Authchips . | . . . . Time . | . . . . Total Robot Build Rating . | . . . . Part Schematics Acquired . | . . . . Parts Built . | . . . . Authchips . | . . . . Time . | . . . . Total Part Build Rating . | . . . . Parts Repaired . | . . . . Time . | . . . . Parts Recycled 2 | . 2 . . Recycled Matter 88 | . 88 . . Retrieved Matter . | . . . . Retrieved Components . | . . . . Parts Scanalyzed . | . . . . Part Schematics Acquired . | . . . . Parts Damaged . | . . . . Bothacking | -11 -10 -9 -9 ------------ Run | Yrd Mat Mat Sto Used RIF Installer . | . . . . Robots Hacked . | . . . . Non-combat . | . . . . Combat . | . . . . Robot Hacks Applied . | . . . . Relay Couplers Released . | . . . . Fabnet Peak Effective % . | . . . . Robots Rewired . | . . . . Allies Hacked . | . . . . Hacks Repelled . | . . . . Allies | -11 -10 -9 -9 -------- Run | Yrd Mat Mat Sto Total Allies . | . . . . Largest Group . | . . . . Highest-Rated Group . | . . . . Highest-Rated Ally . | . . . . Total Orders . | . . . . Ally Attacks . | . . . . Total Damage . | . . . . Kills . | . . . . Allies Corrupted . | . . . . Allies Melted . | . . . . Intel | -11 -10 -9 -9 ------- Run | Yrd Mat Mat Sto Active Infowar (turns) 1061 | . 241 191 629 Structural 1061 | . 241 191 629 Robot Analysis Total . | . . . . Derelict Logs Recovered . | . . . . Drone Launches . | . . . . Drone Recoveries . | . . . . Exploration | -11 -10 -9 -9 ------------- Run | Yrd Mat Mat Sto Turns Passed 1332 | 68 444 191 629 Spaces Moved 890 | 57 340 111 382 Core 19 | 19 . . . Treads . | . . . . Legs 871 | 38 340 111 382 Wheels . | . . . . Hover . | . . . . Flight . | . . . . Fastest Speed 50 | 50 120 120 130 Average Speed 124 | 96 120 127 131 Slowest Speed 200 | 120 120 130 200 Overloaded Moves . | . . . . Propulsion Burnouts . | . . . . Robots Hopped . | . . . . Potential Cave-ins . | . . . . Cave-ins Triggered . | . . . . Exploration Rate (%) 24 | 5 46 10 36 Regions Visited 3 Branch Regions 1 Pre-discovered Areas . | . . . . Known Exits Taken . | . . . . Unknown Exits Taken 3 | 1 1 1 . Scrap Searched . | . . . . Spaces Dug . | . . . . Terrain Destroyed 83 | . 45 38 . Melee . | . . . . Projectile . | . . . . AOE 83 | . 45 38 . Terrain Rammed . | . . . . Walls Destroyed . | . . . . Machines Disabled . | . . . . Actions | -11 -10 -9 -9 --------- Run | Yrd Mat Mat Sto Total 1006 | 70 359 143 434 Wait 4 | . 2 . 2 Move 887 | 56 339 110 382 Hop . | . . . . Pick Up 27 | 8 6 9 4 Fast Attach . | . . . . Attach 12 | 6 1 2 3 Detach . | . . . . Swap 9 | . 2 6 1 Drop 7 | . . 6 1 Fire 56 | . 8 10 38 Melee . | . . . . Ram . | . . . . Kick 4 | . 1 . 3 Crush . | . . . . Escape Stasis . | . . . . Rewire . | . . . . Trap . | . . . . Miscellaneous . | . . . . Route ------- -11/Scrapyard -10/Materials -9/Materials -9/Storage History --------- Turn | Location | Event 5 | -11/Scrapyard | Discovered new exit (range 15) 69 | -11/Scrapyard | Entered Materials 312 | -10/Materials | Build established: Mutant 473 | -10/Materials | Discovered new exit (range 4) 513 | -10/Materials | Entered another Materials area 513 | -9/Materials | Evolved 2 slots: Weapon x2 554 | -9/Materials | Discovered new exit (range 16) 704 | -9/Materials | Entered Storage 807 | -9/Storage | Build established: Skirmisher 1333 | -9/Storage | Self-destructed Last Messages --------------- Acquired 3 matter. Triggered EMP Trap. A bubble of electromagnetic force engulfs the area. Critical hit (Burn: +37). U-05 Engineer builds a Door. C-30 ARC bursts open, deploying its payload. S-10 Pest unfolds itself. U-05 Engineer lays Concrete. Y-45 Defender destroyed. Imp. EM Shotgun destroyed. Titanium Leg destroyed. Acquired 2 matter. Spread Laser destroyed. K-01 Serf collects debris. Acquired 4 matter. R-06 Scavenger collects Lgt. Armor Plating. R-06 Scavenger collects Imp. Ion Engine. Lgt. Assault Rifle destroyed. Destroyed Flight Unit. Imp. Light Cannon destroyed. Map ----- +----------------------------------------------------+ | ???????????????##] ##??############ | | ???????????????## """"" ###### ##### | | ???????????????## """"" "##### ^^ % | | ???????????????## """"" T## ##== ^ | | ??????????????### "##"##[%=[ ^ | | ??????????????### """"" ### T#%% ! ####/ | | ??????????????##T """"" ###+## ##### | | ??????????????### """"" + + | | ?????????######## [! # # | | ?????????############+#### # | | ?????????## # % % [[ + | | ?????????## # [* # """ | | ?????????## ???" + # """ | | ?????????## ???"" # + """ | | ?????????## ????"" + ##+##+######## | | ?????????## ""???" # # ####### #" | | ?????????## ""??" # # ""##???####"R | | ?????????## """" # # Y"##???####"" | | ?????????## # # ""##??????### | | ????????############ # ##????????? | | ????????############ %# ##????????? | | ???????### ! # ########?????????? | | ???????### ] # ######???????????? | | ???????## """ # ##???????????????? | | ???????### """ %ss ##???????????????? | | ????????## """ @ w#%[ ##???????????????? | | ????????## """ !=!#=[ ##???????????????? | | ????????## """ !r!# ##???????????????? | | ????????## =!!# ##???????????????? | | ????????############ ##???????????????? | | ????????### # ##???????????????? | | ?????????????????? # ##???????????????? | | ?????????????????? # ##???????????????? | | ?????????????????? # ##???????????????? | | ?????????????????? + ##???????????????? | | ?????????????????? # ##???????????????? | | ?????????????????? # ##???????????????? | | ?????????????????? # ##???????????????? | | ?????????????????? #" ##???????????????? | | ??????????????????##% ##???????????????? | | ????????????????????" #???????????????? | | ???????????????????? ????????????????? | | ???????????????????? ????????????????? | | ???????????????????? ????????????????? | | ???????????????????? ?????????????????? | | ????????????????????????????????????????? | | ????????????????????????????????????????? | | ????????????????????????????????????????? | | ????????????????????????????????????????? | | ????????????????????????????????????????? | +----------------------------------------------------+ Best States ------------- Heat Dissipation 28 Energy Generation 12 Energy Capacity 265 Matter Stores 300 Matter Capacity 300 Sight Range 16 Terrain Scan Density 10 Evasion (%) 55 Item Schematics ----------------- None Robot Schematics ------------------ None Fabricated ------------ Nothing Repaired ---------- Nothing Alien Tech Used ----------------- None Achievements -------------- None Challenges ------------ None Game ------ Seed SmartbombCompanionCasing Manual? 0 Play Time 00:15:14 Cumulative 4.9 hours Start 2025.09.29 @ 17:52:20 End 2025.09.29 @ 18:05:32 Sessions 1 Manual Loads 0 Difficulty Rogue Special Mode None Game No. 11 Rogue 11 Adventurer 0 Explorer 0 Win Type - Total 0 Types 0/0/0/0/0/0/0/0/0/0 Lore% 3 Gallery% 10 Achievement% 10 Wizard Run 0 Options --------- Layout 1 ASCII 0 Keyboard 0 Movement Arrows Keybinds 0 Fullscreen 1 Font 24/Smallcaps Map View 76x35 Zoom Use 0% Tactical HUD 0 Map Filters NONE Filters NONE Steam 1 RUN: a292e6b9-b006-4924-9a7b-24aa64515303